Map: Romanticide LE

Players

EGOR

  • Race: Zerg Zerg
  • League: Grandmaster

TerribleOne - Winner!

  • Race: Terran Terran
  • League: Master

VOD

Have the link to the VOD?

Description

ZVT GAME

Time

  • Played on: Aug. 18, 2021, 2:15 p.m.
  • Length: 5:46
Show
View Real Time Build Order
Export as new Build Order

EGOR Zerg 

Build Orders: Hatch First 

Get SALT Encoding   

  12  0:00  Drone  
  13  0:13  Overlord  
  13  0:17  Drone  
  14  0:31  Drone x2  
  16  0:50  Hatchery  
  16  0:53  Drone  
  16  0:56  Drone  
  17  0:59  Drone  
  18  1:10  Extractor  
  17  1:15  Spawning Pool  
  17  1:18  Drone  
  17  1:21  Drone  
  18  1:28  Drone  
  19  1:39  Drone  
  20  1:50  Drone  
  21  2:01  Queen x2  
  21  2:02  Zergling x4  
  27  2:17  Hatchery  
  27  2:22  Overlord  
  26  2:28  Drone x2  
  28  2:37  Metabolic Boost  
  28  2:44  Drone  
  28  2:45  Drone x3  
  32  2:52  Overlord  
  32  2:56  Queen  
  34  3:00  Drone  
  34  3:01  Drone  
  36  3:10  Overlord  
  36  3:14  Drone  
  36  3:17  Drone x4  
  41  3:22  Drone  
  41  3:25  Queen  
  44  3:31  Queen  
  44  3:33  Drone  
  47  3:36  Drone x2  
  47  3:41  Queen  
  49  3:46  Spore Crawler  
  51  3:48  Zergling x4  
  51  3:53  Zergling x6  
  54  3:57  Overlord  
  54  4:01  Overlord  
  55  4:05  Overlord  
  55  4:08  Zergling x4  
  57  4:14  Overlord  
  57  4:17  Drone x3  
  57  4:18  Drone x2  
  57  4:20  Drone  
  57  4:22  Drone  
  57  4:23  Queen  
  66  4:27  Drone  
  66  4:28  Lair  
  67  4:32  Overlord  
  67  4:34  Drone  
  67  4:35  Drone  
  67  4:36  Drone  
  67  4:38  Drone  
  71  4:39  Drone  
  71  4:43  Drone  
  71  4:44  Drone x2  
  75  4:49  Drone x2  
  75  4:51  Evolution Chamber  
  76  5:02  Drone x5  
  76  5:04  Hatchery  
  76  5:05  Extractor  
  79  5:07  Extractor  
  78  5:15  Drone x6, Baneling Nest  
  78  5:16  Drone  
  78  5:17  Evolution Chamber  
  86  5:28  Zergling x10  
Show
View Real Time Build Order
Export as new Build Order

TerribleOne Terran - Winner!

Build Orders: Reaper Expand 

Get SALT Encoding   

  12  0:00  SCV  
  13  0:12  SCV  
  14  0:17  Supply Depot  
  14  0:24  SCV  
  15  0:39  Barracks, SCV  
  16  0:44  Refinery  
  16  0:52  SCV  
  17  1:04  SCV  
  18  1:17  SCV  
  19  1:26  Reaper  
  19  1:29  Orbital Command  
  20  1:39  Command Center  
  20  1:47  Supply Depot  
  20  1:54  SCV  
  20  2:01  Marine  
  21  2:06  SCV  
  23  2:11  Factory  
  23  2:18  SCV  
  24  2:26  Barracks Reactor  
  24  2:30  SCV  
  25  2:43  Command Center  
  25  2:45  SCV  
  27  2:51  Orbital Command  
  26  2:59  Barracks, SCV  
  27  3:11  Hellion x2, SCV  
  32  3:14  Barracks Tech Lab  
  32  3:18  Refinery  
  32  3:20  SCV  
  33  3:29  SCV  
  33  3:32  Hellion, SCV  
  33  3:33  Hellion  
  39  3:35  Stimpack  
  39  3:39  Marine  
  40  3:42  SCV  
  41  3:50  Starport  
  41  3:59  Orbital Command  
  41  4:01  SCV x2  
  43  4:03  Marine x3  
  43  4:05  Factory Reactor  
  46  4:13  Supply Depot, SCV x2  
  48  4:21  Marine x3  
  51  4:27  SCV x2  
  51  4:28  SCV  
  51  4:29  Medivac  
  56  4:31  Armory  
  56  4:36  Supply Depot  
  56  4:38  Orbital Command, Marine  
  56  4:39  Marine, SCV x2  
  56  4:41  Hellion  
  56  4:44  Hellion  
  64  4:49  Marine  
  64  4:51  SCV x2  
  67  4:53  Barracks  
  67  4:58  Marine x2  
  67  4:59  Supply Depot  
  69  5:05  Hellion x2  
  73  5:09  SCV  
  73  5:10  SCV  
  73  5:11  Refinery  
  73  5:12  Refinery, Starport Reactor  
  73  5:13  Marine  
  76  5:22  Marine x2  
  76  5:25  Engineering Bay  
  76  5:26  Engineering Bay  
  77  5:41  Barracks  
  77  5:42  Barracks  
  78  5:44  Barracks Reactor  
Tags
 
Add a new tag
Caveats
  • Supply blocks, unpowered buildings, or Contaminate may cause inaccurate times.
  • Supply counts are checked every 10 seconds.